 Dungeon Crawl Stone Soup version 0.31.0-10-gcf4a605ca0 (webtiles) character file.

Game seed: 14377563041012053616

529 sanka the Basher (level 7, 0/59 HPs)
             Began as a Minotaur Fighter on Jan 25, 2024.
             Was an Initiate of the Shining One.
             Succumbed to a water moccasin's poison
             ... on level 5 of the Dungeon.
             The game lasted 00:03:21 (3165 turns).

sanka the Basher (Minotaur Fighter)                 Turns: 3165, Time: 00:03:21

Health: 0/59       AC:  6    Str: 21    XL:     7   Next: 3%
Magic:  6/6        EV:  9    Int:  5    God:    the Shining One [......]
Gold:   254        SH:  4    Dex: 11    Spells: 6/6 levels left

rFire   . . .        a - +0 flail
rCold   . . .        c - +0 buckler
rNeg    . . .        b - +0 scale mail
rPois   .            (helmet restricted)
rElec   .            (no cloak)
rCorr   .            (no gloves)
SInv    +            (no boots)
Will    +....        (no amulet) Stlth
                     (no ring)
HPRegen 0.29/turn    k - ring of see invisible
MPRegen 0.10/turn

%: no passive effects
@: lethally poisoned (0 -> -13), enlightened, flying, glowing
A: horns 2, retaliatory headbutt
a: Renounce Religion


You were on level 5 of the Dungeon.
You worshipped the Shining One.
The Shining One was noncommittal.
You visited 2 branches of the dungeon, and saw 6 of its levels.

You collected 254 gold pieces.


Innate Abilities, Weirdness & Mutations

You have a pair of horns on your head.
You reflexively headbutt those who attack you in melee.


   Skills:
 - Level 4.0 Fighting
 + Level 9.1 Maces & Flails
 - Level 3.6 Armour
 - Level 3.6 Shields


You had 6 spell levels left.
You didn't know any spells.
Your spell library contained the following spells:

 Spells                   Type           Power      Damage    Failure   Level
 Magic Dart               Conj           0%         1d3       87%         1
 Searing Ray              Conj           0%         2d4       95%         2
 Fulminant Prism          Conj/Alch      0%         3d5       100%        4

Inventory:

Hand Weapons
 a - a +0 flail (weapon)
Missiles
 l - 4 javelins (quivered)
Armour
 b - a +0 scale mail (worn)
 c - a +0 buckler (worn)
Jewellery
 k - a ring of see invisible (right hand)
Wands
 r - a wand of mindburst (12)
Scrolls
 e - a scroll of amnesia {unknown}
 j - a scroll of blinking {unknown}
 m - 2 scrolls of noise {unknown}
 n - a scroll of acquirement {unknown}
 q - a scroll of identify {unknown}
Potions
 d - 3 potions of might
 f - 3 potions of enlightenment
 g - 2 potions of berserk rage {unknown}
 h - a potion of curing {unknown}
 i - 2 potions of heal wounds {unknown}
 o - a potion of lignification {unknown}
 p - a potion of invisibility {unknown}

Dungeon Overview and Level Annotations

Branches:
Dungeon (5/15)             Temple (1/1) D:5

Altars:
Ashenzari
Cheibriados
Dithmenos
Elyvilon
Fedhas
Gozag
Hepliaklqana
Kikubaaqudgha
Makhleb
Nemelex Xobeh
Okawaru
Qazlal
Ru
Trog
Uskayaw
Wu Jian
Yredelemnul
The Shining One

Annotations:
D:3 Turgon's ghost, amateur DsCK

...▒▒▒▒▒▒▒▒▒▒... ▒▒▒▒▒
...............▒.....
......▒▒▒▒▒▒...▒...▒▒▒.
....▒.>▒ ▒▒...▒▒▒......
...▒▒▒.▒▒▒...........▒
..▒▒ ▒..▒...▒..)..▒ ▒
▒▒▒ ▒▒..†.▒▒▒..>..▒ ▒.▒
▒.......▒....S▒...▒
......▒▒▒......HO...▒
.......▒ ▒▒[..▒▒▒S..▒▒
.......▒ ▒▒...▒.......▒
.......▒ ▒...▒..▒....▒
........ ..▒...▒▒....▒
....... ▒▒.▒..▒▒ ....'.
▒.▒▒▒▒ ...'. ▒.. ...▒.
..


You could see a water moccasin, an ogre and an adder.


Message History

The ogre is heavily wounded.
You block the adder's attack. The ogre closely misses you.
The adder barely misses you.
Unknown command.
You barely miss the ogre.
The ogre is heavily wounded.
The water moccasin bites you. The adder bites you but does no damage.
Unknown command.
The water moccasin bites you but does no damage.
The water moccasin bites you.
You are poisoned.
The water moccasin poisons you!
Unknown command.
You barely miss the ogre. You headbutt the ogre!
The ogre is almost dead.
You feel very sick. You block the adder's attack.
The ogre hits you with a +0 giant club!!
* * * LOW HITPOINT WARNING * * *
The water moccasin bites you! The Shining One protects you from harm!
The adder bites you but does no damage.
Unknown command.
It was a potion of enlightenment.
You feel very buoyant.
You fly up into the air.
You die...

Action                     |  1- 3 |  4- 6 |  7- 9 || total
---------------------------+-------+-------+-------++-------
  Melee: Flail             |    71 |    99 |     6 ||   176
         Headbutt          |     7 |    12 |     1 ||    20
    Use: Potion            |       |       |     1 ||     1
 Armour: Scale mail        |    44 |    64 |    10 ||   118
  Dodge: Dodged            |    31 |    51 |     4 ||    86
  Block: Buckler           |    16 |    29 |     3 ||    48

Levels and vault maps discovered:
D:1:      co_arrival_random_square_maze, layout_basic
D:2:      layout_rooms, basic_altar, uniq_natasha
D:3:      layout_loops_cross, ebering_ghost_disaster_area,
          ebering_ecumenical_altar_petrified
D:4:      layout_basic, minmay_misc_feat_four_crosses, uniq_menkaure
D:5:      layout_rooms, chequers_temple_overflow_minitemple,
          mainiacjoe_overflow_catwalk, minmay_temple_entry_tees, serial_shops,
          nicolae_shop_crystal, grunt_decor_clamped, kennysheep_generic_room_4
Temple:   compressed_dpeg_circular_temple

Notes
Turn   | Place    | Note
-------+----------+-------------------------------------------
     0 | D:1      | sanka the Minotaur Fighter began the quest for the Orb.
     0 | D:1      | Reached XP level 1. HP: 19/19 MP: 0/0
   291 | D:1      | Reached skill level 4 in Fighting
   310 | D:1      | Reached skill level 3 in Maces & Flails
   310 | D:1      | Reached XP level 2. HP: 27/27 MP: 1/1
   935 | D:2      | Reached skill level 4 in Maces & Flails
   935 | D:2      | Reached XP level 3. HP: 21/33 MP: 2/2
   986 | D:2      | Noticed Natasha
   990 | D:2      | Killed Natasha
  1003 | D:2      | Noticed Natasha
  1016 | D:2      | Killed Natasha
  1017 | D:2      | Reached skill level 5 in Maces & Flails
  1017 | D:2      | Reached XP level 4. HP: 20/40 MP: 3/3
  1017 | D:2      | Found a basalt altar of Yredelemnul.
  1149 | D:2      | Noticed Natasha
  1154 | D:2      | Killed Natasha
  1316 | D:3      | Reached skill level 6 in Maces & Flails
  1419 | D:3      | Found a large runed translucent door.
  1421 | D:3      | Found a large runed translucent door.
  1426 | D:3      | Noticed Turgon's ghost (amateur DsCK)
  1447 | D:3      | Found a faded altar of an unknown god.
  1453 | D:3      | Reached XP level 5. HP: 42/46 MP: 4/4
  2360 | D:4      | Noticed an ogre
  2367 | D:4      | Killed an ogre
  2368 | D:4      | Reached skill level 7 in Maces & Flails
  2368 | D:4      | Reached XP level 6. HP: 20/52 MP: 5/5
  2637 | D:4      | Noticed Menkaure
  2644 | D:4      | Killed Menkaure
  2645 | D:4      | Reached skill level 8 in Maces & Flails
  3055 | D:5      | Entered Level 5 of the Dungeon
  3085 | D:5      | Reached skill level 9 in Maces & Flails
  3087 | D:5      | Found a staircase to the Ecumenical Temple.
  3093 | D:5      | Reached XP level 7. HP: 59/59 MP: 6/6
  3098 | Temple   | Entered the Ecumenical Temple
  3126 | Temple   | Became a worshipper of the Shining One
  3164 | D:5      | HP: 2/59 [ogre/+0 giant club (25)]
  3164 | D:5      | The Shining One protects you from harm!
  3165 | D:5      | Succumbed to a water moccasin's poison

Vanquished Creatures
  Menkaure (D:4)
  An ogre (D:4)
  A bullfrog (D:5)
  A howler monkey (D:4)
  An iguana (D:5)
  A sleepcap (D:5)
  Natasha (thrice) (D:2)
  3 adders
  A shadow imp (D:4)
  A dart slug (D:2)
  3 orcs
  3 bats
  3 endoplasms
  7 giant cockroaches
  6 goblins
  6 hobgoblins
  7 jackals
  A quokka (D:1)
  4 ball pythons
  3 frilled lizards
  5 kobolds
  4 rats
66 creatures vanquished.
